 Dungeon Crawl Stone Soup version 0.27-a0-1140-g099f9bb0e8 (webtiles) character file.

Game seed: 8989945003439262955

112 Morbidden the Covered (level 4, -1/35 HPs)
             Began as a Demonspawn Fighter on May 10, 2021.
             Slain by a kobold
             ... wielding a +0 dagger
              (3 damage)
             ... on level 2 of the Dungeon.
             The game lasted 00:01:48 (1939 turns).

Morbidden the Covered (Demonspawn Fighter)          Turns: 1939, Time: 00:01:49

Health: -1/35      AC:  6    Str: 17    XL:     4   Next: 63%
Magic:  4/4        EV:  7    Int: 10    God:
Gold:   110        SH:  9    Dex: 12    Spells: 3/3 levels left

rFire    . . .     SeeInvis .   a - +0 long sword
rCold    . . .     Faith    .   c - +0 kite shield
rNeg     . . .     Spirit   .   b - +0 scale mail
rPois    .         Reflect  .   (helmet restricted)
rElec    .         Harm     .   (no cloak)
rCorr    .         Rampage  .   (no gloves)
Will     .....                  (no boots)
Stlth    ..........             (no amulet)
HPRegen  0.11/turn              (no ring)
MPRegen  0.09/turn              (no ring)

@: lethally poisoned (-1 -> -12)
A: horns 1, powered by pain 1
a: no special abilities


You were on level 2 of the Dungeon.
You visited 1 branch of the dungeon, and saw 2 of its levels.

You collected 110 gold pieces.

Inventory:

Hand Weapons
 a - a +0 long sword (weapon)
Armour
 b - a +0 scale mail (worn)
 c - a +0 kite shield (worn)
Jewellery
 j - a ring of resist corrosion
Scrolls
 h - a scroll of vulnerability {unknown}
 i - a scroll of fog {unknown}
 k - a scroll of magic mapping {unknown}
 l - 3 scrolls of fear {unknown}
Potions
 d - a potion of might
 e - a potion of heal wounds {unknown}
 f - 2 potions of curing {unknown}
 g - 2 potions of cancellation {unknown}
 m - a potion of lignification {unknown}
 n - a potion of mutation {unknown}


   Skills:
 * Level 3.3 Fighting
 * Level 2.7 Long Blades
 + Level 3.4 Armour
 * Level 0.9 Dodging
 + Level 0.1 Stealth
 + Level 3.4 Shields


You had 3 spell levels left.
You didn't know any spells.
Your spell library contained the following spells:

 Spells                   Type           Power      Damage    Failure   Level
 Animate Skeleton         Necr           0%         N/A       99%         1
 Apportation              Tloc           0%         N/A       99%         1
 Corona                   Hex            0%         N/A       99%         1
 Summon Small Mammal      Summ           0%         N/A       99%         1


Dungeon Overview and Level Annotations

Branches:
Dungeon (2/15)

Altars:

Shops:
D:2 ([(


Innate Abilities, Weirdness & Mutations

You have a pair of small horns on your head.
You sometimes gain a little power by taking damage.


Message History

You hit the bat.
The bat is severely wounded.
You feel very sick. The bat hits you but does no damage. x2
The kobold hits you but does no damage. x2
The kobold hits you with a +1 short sword of venom.
You block the kobold's attack.
You hit the kobold.
The kobold is severely wounded.
You feel sick. The bat hits you but does no damage.
The kobold barely misses you. You block the bat's attack.
You block the kobold's attack.
Unknown command.
Unknown command.
You slash the bat!
You kill the bat!
You feel sick.
The kobold hits you with a +1 short sword of venom.
The kobold hits you with a +0 dagger.
The kobold hits you but does no damage. x2
You are too injured to fight recklessly!
Unknown command.
You are too injured to fight recklessly!
You are too injured to fight recklessly!
You feel sick.
The kobold throws a stone.
The stone hits you.
The kobold throws a stone.
The stone hits you but does no damage.
Unknown command.
You feel sick.
The kobold hits you with a +1 short sword of venom.
* * * LOW HITPOINT WARNING * * *
You are lethally poisoned!
The kobold completely misses you.
You barely miss the kobold.
The kobold is severely wounded.
* * * LOW HITPOINT WARNING * * *
You feel very sick. The kobold barely misses you.
You riposte.
Your shield and scale mail prevent you from hitting the kobold.
The kobold is severely wounded.
The kobold hits you with a +0 dagger.
You die...

#....##...###
+.....'...'.'
#.....#######
#.....##≈≈≈≈≈
#.....##≈≈...
#......#≈..≈. ..
#######......'..≈≈≈
#.#.#.#.'.#.....##≈..≈.
#.#..K@.#.#.....##≈≈...
#.##.K###.#.....##≈≈≈≈≈
#.#|.. #..#...÷)#######
#.#[)####.#.[..........
#.####.#..#............
#.........#.........<..
#.#########......#.....
#......## #............
######..# ######.∩.##..


You could see 2 kobolds.

Vanquished Creatures
  Natasha (thrice) (D:2)
  A dart slug (D:1)
  6 ball pythons (D:1)
  3 bats
  An endoplasm (D:1)
  2 giant cockroaches (D:1)
  3 goblins
  3 hobgoblins (D:1)
  3 jackals (D:1)
  4 kobolds
  2 quokkas
  A frilled lizard (D:2)
  2 rats
34 creatures vanquished.

Vanquished Creatures (others)
  3 plants (D:1)
  4 withered plants (D:1)
7 creatures vanquished.

Grand Total: 41 creatures vanquished

Notes
Turn   | Place    | Note
-------+----------+-------------------------------------------
     0 | D:1      | Morbidden the Demonspawn Fighter began the quest for the
                  | Orb.
     0 | D:1      | Reached XP level 1. HP: 18/18 MP: 1/1
   323 | D:1      | Gained mutation: You have a pair of small horns on your
                  | head. [demonic ancestry]
   323 | D:1      | Reached XP level 2. HP: 22/24 MP: 2/2
   351 | D:1      | Found a faded altar of an unknown god.
  1030 | D:1      | Gained mutation: You sometimes gain a little power by
                  | taking damage. [demonic ancestry]
  1030 | D:1      | Reached XP level 3. HP: 29/29 MP: 3/3
  1198 | D:2      | Noticed Natasha
  1200 | D:2      | Found Josu's Weapon Shoppe.
  1209 | D:2      | Killed Natasha
  1227 | D:2      | Noticed Natasha
  1497 | D:2      | Killed Natasha
  1498 | D:2      | Reached XP level 4. HP: 29/35 MP: 4/4
  1616 | D:2      | Noticed Natasha
  1627 | D:2      | Killed Natasha
  1830 | D:2      | Found Feyfrum's Armour Emporium.
  1845 | D:2      | Found Edecapho's Weapon Emporium.
  1939 | D:2      | Slain by a kobold

Illustrated notes

Levels and vault maps discovered:
D:1:      dpeg_chamrin_arrival_tetris, layout_loops_corners,
          shapermc_ecumenical_altar_flowoftime
D:2:      minmay_wonky_spiral, layout_basic, serial_shops, nicolae_shop_stone,
          shop, shop_statue, kennysheep_generic_room_8, uniq_natasha

Skill      XL: |  1  2  3 |
---------------+----------+-----
Shields        | 3 |  3.4
Long Blades    | 2 |  2.7
Armour         | 3 |  3.4
Fighting       | |  3.3
Dodging        | |  0.9
Stealth        | |  0.1

Action                   |  1- 3 |  4- 6 || total
-------------------------+-------+-------++-------
Melee: Long sword        |    94 |    19 ||   113
       Headbutt          |    13 |     1 ||    14
Armor: Scale mail        |    41 |    16 ||    57
Dodge: Dodged            |    26 |     8 ||    34
Block: Kite shield       |    49 |    19 ||    68
       Rpst.: Long sword |    10 |     2 ||    12

Table legend: (Time is in decaauts)
 A = Elapsed time spent in this place.
 B = Non-inter-level travel time spent in this place.
 C = Inter-level travel time spent in this place.
 D = Time resting spent in this place.
 E = Time spent auto-exploring this place.
 F = Levels seen in this place.
 G = Mean time per level.
                   A        B        C        D        E       F      G
               +--------+--------+--------+--------+--------+-----+--------+
         Total |   2008 |   1971 |     37 |    269 |   1382 |   2 | 1004.0 |
       Dungeon |   2008 |   1971 |     37 |    269 |   1382 |   2 | 1004.0 |
               +--------+--------+--------+--------+--------+-----+--------+

Top non-repeatable levels by time:
     D:1: 1449 daAuts
     D:2: 559 daAuts
